Map: Catalyst LE

Players

RAIL

  • Race: Protoss Protoss
  • Spawn Location: 11:00

Cham - Winner!

  • Race: Zerg Zerg
  • Spawn Location: 5:00

Event: WCS Leipzig 2018

VOD

Have the link to the VOD?

Description

Time

  • Played on: Jan. 26, 2018, 7:25 a.m.
  • Length: 9:14

All games in this series

Show
View Real Time Build Order
Export as new Build Order

RAIL Protoss 

Build Orders: Nexus First, Archon Immortal, Zealot Archon 

Get SALT Encoding   

  12  0:00  Probe  
  13  0:13  Probe  
  14  0:18  Pylon  
  14  0:25  Probe (Chrono Boost)  
  15  0:37  Probe (Chrono Boost)  
  16  0:45  Probe (Chrono Boost)  
  17  0:51  Probe  
  18  1:03  Nexus  
  18  1:05  Probe  
  19  1:16  Gateway  
  19  1:18  Probe  
  20  1:23  Assimilator  
  20  1:30  Probe  
  20  1:31  Assimilator  
  21  1:37  Pylon  
  21  1:42  Probe  
  22  1:49  Gateway  
  22  1:54  Probe (Chrono Boost)  
  23  2:03  Cybernetics Core  
  23  2:06  Probe (Chrono Boost)  
  24  2:11  Zealot  
  24  2:12  Probe  
  27  2:18  Probe (Chrono Boost)  
  28  2:25  Probe (Chrono Boost)  
  30  2:30  Probe (Chrono Boost)  
  30  2:35  Probe (Chrono Boost)  
  30  2:36  Probe (Chrono Boost)  
  32  2:39  Stalker  
  32  2:40  Probe (Chrono Boost)  
  32  2:42  Warp Gate  
  35  2:45  Probe  
  36  2:53  Sentry  
  36  2:54  Probe  
  36  2:57  Probe  
  40  3:02  Robotics Facility  
  40  3:06  Probe  
  40  3:10  Probe  
  40  3:11  Sentry  
  44  3:13  Pylon  
  44  3:18  Probe, Pylon  
  45  3:22  Probe (Chrono Boost)  
  45  3:25  Shield Battery  
  46  3:28  Assimilator  
  46  3:31  Probe (Chrono Boost)  
  46  3:33  Assimilator  
  48  3:34  Probe (Chrono Boost)  
  48  3:40  Stalker  
  48  3:41  Probe (Chrono Boost)  
  51  3:42  Probe (Chrono Boost)  
  51  3:46  Probe (Chrono Boost)  
  53  3:48  Probe  
  53  3:49  Pylon  
  53  3:50  Observer  
  55  3:57  Probe  
  55  3:59  Twilight Council  
  55  4:00  Probe  
  55  4:01  Forge  
  57  4:09  Probe, Gateway  
  58  4:13  Probe  
  59  4:18  Immortal (Chrono Boost)  
  64  4:24  Probe  
  64  4:29  Gateway  
  64  4:34  Protoss Ground Weapons Level 1, Charge (Chrono Boost)  
  64  4:35  Gateway  
  64  4:42  Pylon  
  64  4:45  Probe  
  65  4:52  Pylon  
  65  4:54  Sentry  
  65  4:55  Sentry  
  65  4:59  Shield Battery, Immortal (Chrono Boost)  
  69  5:03  Gateway  
  73  5:11  Pylon  
  73  5:13  Stalker  
  73  5:24  Stalker x2  
  73  5:27  Pylon  
  73  5:28  Immortal (Chrono Boost)  
  81  5:37  Cybernetics Core  
  81  5:42  Pylon  
  81  5:47  Gateway  
  81  5:48  Zealot x2  
  85  5:51  Zealot  
  85  5:55  Zealot  
  89  6:06  Immortal (Chrono Boost)  
  93  6:18  Gateway  
  93  6:19  Zealot  
  93  6:20  Gateway  
  93  6:23  Gateway  
  95  6:30  Zealot x3  
  87  6:47  Zealot  
  87  6:49  Warp Prism (Chrono Boost)  
  89  6:55  Templar Archives  
  89  6:56  Zealot  
  89  6:57  Zealot x2  
  95  7:06  Pylon  
  95  7:07  Pylon  
  95  7:12  Zealot x2  
  99  7:15  Zealot  
  99  7:20  Pylon  
  99  7:21  Pylon  
  101  7:24  Pylon  
  101  7:26  Pylon  
  101  7:27  Zealot x3  
  105  7:39  High Templar x5  
  105  7:43  Archon x2  
  113  7:44  Immortal (Chrono Boost)  
  113  7:49  High Templar, Sentry  
  113  7:51  Sentry  
  121  7:53  Archon  
  119  8:11  High Templar  
  119  8:12  High Templar, Zealot x4  
  131  8:14  Zealot  
  131  8:15  Archon  
  133  8:23  Zealot  
  127  8:32  Zealot x4  
  117  8:35  Zealot x2  
  109  8:42  Zealot  
  95  8:53  Zealot  
  95  8:54  Zealot  
Show
View Real Time Build Order
Export as new Build Order

Cham Zerg - Winner!

Build Orders: Hatch First 

Get SALT Encoding   

  12  0:01  Drone  
  13  0:08  Drone  
  14  0:17  Overlord  
  14  0:35  Drone  
  15  0:44  Hatchery  
  15  0:48  Drone  
  15  0:52  Drone  
  17  0:57  Drone  
  17  1:00  Drone  
  18  1:10  Extractor  
  17  1:15  Spawning Pool  
  16  1:19  Drone  
  16  1:23  Drone  
  18  1:35  Drone  
  19  1:43  Drone  
  20  1:53  Overlord  
  20  2:06  Queen  
  20  2:07  Drone x2  
  20  2:08  Drone  
  25  2:09  Queen  
  25  2:12  Metabolic Boost  
  27  2:29  Hatchery  
  26  2:32  Drone  
  26  2:34  Drone  
  26  2:35  Drone  
  29  2:38  Drone  
  29  2:42  Overlord  
  30  2:49  Queen  
  32  2:54  Overlord  
  32  2:57  Drone  
  33  2:58  Drone  
  33  3:01  Drone  
  33  3:03  Drone  
  36  3:08  Overlord  
  37  3:12  Drone  
  37  3:19  Drone x5  
  42  3:21  Drone  
  42  3:25  Drone  
  42  3:26  Drone  
  45  3:31  Roach Warren  
  44  3:35  Extractor x2  
  44  3:39  Drone  
  44  3:40  Spore Crawler  
  42  3:45  Queen  
  42  3:48  Drone x2  
  46  3:51  Drone x2  
  46  3:52  Drone  
  49  3:55  Overlord  
  49  4:05  Spore Crawler  
  49  4:08  Overlord  
  48  4:12  Roach x4  
  48  4:15  Roach  
  58  4:18  Drone  
  58  4:19  Roach  
  58  4:21  Roach  
  58  4:24  Roach  
  65  4:27  Roach  
  65  4:29  Roach  
  69  4:31  Roach  
  69  4:34  Roach  
  69  4:36  Roach  
  75  4:39  Roach  
  75  4:41  Roach  
  75  4:45  Roach  
  81  4:46  Zergling x2  
  81  4:52  Overlord  
  82  4:53  Overlord  
  82  5:10  Ravager x3  
  82  5:12  Zergling x16  
  93  5:16  Zergling x2  
  94  5:24  Ravager  
  94  5:27  Zergling x6  
  97  5:36  Lair, Overlord x2  
  97  5:40  Overlord  
  97  5:46  Overlord  
  97  5:54  Queen x2  
  97  5:57  Ravager x2, Drone x2  
  103  5:58  Drone x5  
  103  5:59  Drone  
  110  6:08  Drone  
  110  6:09  Drone x2  
  108  6:12  Evolution Chamber  
  108  6:14  Drone x2  
  108  6:16  Drone, Extractor  
  108  6:17  Drone  
  110  6:21  Drone  
  111  6:27  Drone x2  
  111  6:28  Drone  
  114  6:38  Glial Reconstitution  
  111  6:40  Drone x3  
  111  6:43  Hatchery  
  102  6:50  Roach x2  
  102  6:51  Roach x3  
  102  6:53  Extractor  
  103  6:54  Roach  
  103  6:56  Roach  
  103  6:57  Roach  
  105  7:02  Roach, Overlord  
  105  7:03  Roach  
  105  7:05  Roach x2  
  105  7:07  Roach x2  
  113  7:11  Roach  
  113  7:13  Ravager  
  113  7:14  Ravager, Zergling x6  
  113  7:15  Zergling x2  
  121  7:21  Roach  
  121  7:22  Roach  
  125  7:24  Roach  
  125  7:28  Evolution Chamber  
  125  7:29  Overlord  
  126  7:34  Overlord  
  126  7:36  Overlord x2  
  126  7:38  Overlord  
  126  7:39  Overlord x2  
  125  7:50  Overlord x2  
  125  7:55  Roach x7  
  125  7:57  Roach  
  125  7:58  Roach  
  143  7:59  Ravager  
  144  8:06  Roach  
  144  8:10  Roach x2  
  144  8:12  Roach  
  149  8:16  Roach  
  151  8:21  Roach x3  
  151  8:22  Roach x4  
  151  8:23  Roach x2  
  151  8:24  Roach  
  167  8:32  Roach x2  
  150  8:37  Roach  
  150  8:38  Roach x2  
  146  8:45  Roach x3  
  146  8:46  Roach x2  
  122  8:49  Roach x3  
  122  8:53  Roach  
Tags
 
Add a new tag
Caveats
  • Supply blocks, unpowered buildings, or Contaminate may cause inaccurate times.
  • Supply counts are checked every 10 seconds.